MLB
NEW YORK METS @ COLORADO ROCKIES
05/31/2098
 
TOP OF THE 1ST
New York Mets batting - Pitching for Colorado Rockies : LHP Allen Oliver
Pitching: LHP Allen Oliver
Batting: RHB Jose de la Rosa 0-0: Swinging Strike
0-1: Foul Ball, location: 2F
0-2: Ball
1-2: Fly out, F7 (Flyball, 7S, EV 91.3 MPH)
Batting: RHB Marty Krpan 0-0: Called Strike
0-1: Ball
1-1: Called Strike
1-2: Fly out, F9 (Flyball, 9, EV 89.4 MPH)
Batting: RHB Jeff Hestermann 0-0: Ball
1-0: Ball
2-0: Called Strike
2-1: DOUBLE (Line Drive, 78D, EV 97.5 MPH)
Batting: RHB Omar Munoz 0-0: Called Strike
0-1: Called Strike
0-2: Strikes out looking
Top of the 1st over - 0 runs, 1 hit, 0 errors, 1 left on base; New York 0 - Colorado 0
BOTTOM OF THE 1ST
Colorado Rockies batting - Pitching for New York Mets : RHP Dave Baldwin
Pitching: RHP Dave Baldwin
Batting: LHB Mike Keatts 0-0: Called Strike
0-1: Ball
1-1: Foul Ball, location: 23F
1-2: Foul Ball, location: 3FF
1-2: Foul Ball, location: 7LDF
1-2: Foul Ball, location: 2F
1-2: Ground out 4-3 (Groundball, 4, EV 82.5 MPH)
Batting: RHB Mike Woodard 0-0: Called Strike
0-1: Ball
1-1: Ball
2-1: Ground out 5-3 (Groundball, 5, EV 88.8 MPH)
Batting: LHB Matt Beck 0-0: Ball
1-0: Called Strike
1-1: Swinging Strike
1-2: Strikes out swinging
Bottom of the 1st over - 0 runs, 0 hits, 0 errors, 0 left on base; New York 0 - Colorado 0
TOP OF THE 2ND
New York Mets batting - Pitching for Colorado Rockies : LHP Allen Oliver
Batting: RHB Chris Sims 0-0: Ground out 6-3 (Groundball, 6, EV 106.9 MPH)
Batting: RHB Daniel Tellado 0-0: Ball
1-0: Called Strike
1-1: Foul Ball, location: 23F
1-2: Strikes out swinging
Batting: RHB Nate Morrison 0-0: Swinging Strike
0-1: Swinging Strike
0-2: Fly out, F9 (Line Drive, 9S, EV 93.1 MPH)
Top of the 2nd over - 0 runs, 0 hits, 0 errors, 0 left on base; New York 0 - Colorado 0
BOTTOM OF THE 2ND
Colorado Rockies batting - Pitching for New York Mets : RHP Dave Baldwin
Batting: RHB Kosuke Sakai 0-0: Ball
1-0: Ball
2-0: Called Strike
2-1: Called Strike
2-2: Strikes out swinging
Batting: LHB Jim Davis 0-0: Called Strike
0-1: Ball
1-1: Foul Ball, location: 2F
1-2: Strikes out swinging
Batting: LHB Glenn Sewell 0-0: Called Strike
0-1: SINGLE (Line Drive, 8RS, EV 97.5 MPH)
Batting: LHB Carlos Parez 0-0: Ball
1-0: Called Strike
1-1: Called Strike
1-2: Ball
2-2: Ball
3-2: Strikes out swinging
Bottom of the 2nd over - 0 runs, 1 hit, 0 errors, 1 left on base; New York 0 - Colorado 0
TOP OF THE 3RD
New York Mets batting - Pitching for Colorado Rockies : LHP Allen Oliver
Batting: LHB Omar Gomez 0-0: Ball
1-0: Ground out U3 (Groundball, 3, EV 101.9 MPH)
Batting: RHB Mark Lamb 0-0: Fly out, F8 (Line Drive, 8RS, EV 94.4 MPH)
Pitching: RHP Chris Colbert
Batting: RHB Jose de la Rosa 0-0: Called Strike
0-1: Ball
1-1: Foul Ball, location: 23F
1-2: SINGLE (Groundball, 34D, EV 107.5 MPH)
Batting: RHB Marty Krpan 0-0: Ball
Wild Pitch!
Jose de la Rosa to second
1-0: Ball
2-0: Called Strike
2-1: Ground out 4-3 (Groundball, 4D, EV 84.4 MPH)
Top of the 3rd over - 0 runs, 1 hit, 0 errors, 1 left on base; New York 0 - Colorado 0
BOTTOM OF THE 3RD
Colorado Rockies batting - Pitching for New York Mets : RHP Dave Baldwin
Batting: SHB Brian Hatcher 0-0: Ball
1-0: Foul Ball, location: 3SF
1-1: SOLO HOME RUN (Flyball, 7D, EV 101.3 MPH), Distance : 391 ft
Batting: LHB Jesus Pena 0-0: Ball
1-0: Ball
2-0: Called Strike
2-1: Foul Ball, location: 7LMF
2-2: Strikes out swinging
Batting: LHB Mike Keatts 0-0: Ball
1-0: SINGLE (Groundball, 34S, EV 72.5 MPH) (infield hit)
Batting: RHB Mike Woodard 0-0: Called Strike
0-1: Ball
1-1: Foul Ball, location: 9LMF
1-2: Strikes out swinging
Batting: LHB Matt Beck 0-0: Swinging Strike
0-1: Fly out, F9 (Flyball, 9LMF, EV 100.6 MPH)
Bottom of the 3rd over - 1 run, 2 hits, 0 errors, 1 left on base; New York 0 - Colorado 1
TOP OF THE 4TH
New York Mets batting - Pitching for Colorado Rockies : RHP Chris Colbert
Batting: RHB Jeff Hestermann 0-0: Ball
1-0: Called Strike
1-1: Ball
2-1: Foul Ball, location: 5F
2-2: SINGLE (Groundball, 4MD, EV 98.8 MPH)
Pinch Hitting: LHB Mike Thompson 0-0: Foul Ball, location: 3F
0-1: Ball
1-1: Swinging Strike
1-2: Ball
2-2: 2-RUN HOME RUN (Flyball, 9D, EV 94.4 MPH), Distance : 370 ft
Batting: RHB Chris Sims 0-0: Ball
1-0: Foul Ball, location: 2F
1-1: Ball
2-1: Foul Ball, location: 9LDF
2-2: Strikes out swinging
Batting: LHB David Thomas 0-0: Foul Ball, location: 9LSF
0-1: Foul Ball, location: 25F
0-2: Ground out 4-3 (Groundball, 4, EV 76.9 MPH)
Batting: RHB Nate Morrison 0-0: Ball
1-0: Called Strike
1-1: Foul Ball, location: 2F
1-2: Ball
2-2: Reached on error, E4 (Groundball, 4, EV 83.1 MPH)
Pitching: RHP Doug Craig
Batting: LHB Omar Gomez 0-0: Foul Ball, location: 5FF
0-1: Swinging Strike
0-2: Strikes out swinging
Top of the 4th over - 2 runs, 2 hits, 1 error, 1 left on base; New York 2 - Colorado 1
BOTTOM OF THE 4TH
Colorado Rockies batting - Pitching for New York Mets : RHP Dave Baldwin
Now at 3B: Nate Morrison
Now at SS: Nate Westendorf
Batting: RHB Kosuke Sakai 0-0: Swinging Strike
0-1: Ground out 5-3 (Groundball, 56, EV 98.1 MPH)
Batting: LHB Jim Davis 0-0: Called Strike
0-1: Ball
1-1: SINGLE (Groundball, 4MD, EV 102.5 MPH)
Batting: LHB Glenn Sewell 0-0: Foul Ball, location: 2RF
0-1: Ball
1-1: Ball
2-1: Called Strike
2-2: SINGLE (Groundball, 4MD, EV 98.8 MPH)
Jim Davis to second
Runner from 2nd tries for 3rd, SAFE, throw by CF made to third
Batting: LHB Carlos Parez 0-0: Ball
1-0: Called Strike
1-1: SINGLE (Flyball, 89S, EV 101.3 MPH)
Jim Davis scores
Glenn Sewell to second
Runner from 2nd tries for 3rd, SAFE, throw by CF made to third
Batting: SHB Brian Hatcher 0-0: Called Strike
0-1: SINGLE (Line Drive, 9S, EV 102.5 MPH)
Glenn Sewell scores
Carlos Parez to second
Batting: LHB Jesus Pena 0-0: Ball
1-0: Ball
2-0: Ball
3-0: Swinging Strike
3-1: Called Strike
3-2: Foul Ball, location: 2F
3-2: Strikes out swinging
Batting: LHB Mike Keatts 0-0: Ball
1-0: Called Strike
1-1: Ball
2-1: Ball
3-1: DOUBLE (Line Drive, 89M, EV 107.5 MPH)
Carlos Parez scores
Brian Hatcher to third
Runner from 3rd tries for Home, SAFE, throw by CF to home
Pitching: LHP Steve Thornton
Batting: RHB Mike Woodard 0-0: Ball
1-0: Ball
2-0: Foul Ball, location: 2F
2-1: 2-RUN HOME RUN (Flyball, 78XD, EV 100.0 MPH), Distance : 411 ft
Batting: LHB Matt Beck 0-0: Called Strike
0-1: Called Strike
0-2: Foul Ball, location: 9LSF
0-2: Ball
1-2: Foul Ball, location: 3DF
1-2: Ground out 4-3 (Groundball, 4, EV 87.5 MPH)
Bottom of the 4th over - 6 runs, 6 hits, 0 errors, 0 left on base; New York 2 - Colorado 7
TOP OF THE 5TH
New York Mets batting - Pitching for Colorado Rockies : RHP Doug Craig
Batting: RHB Mark Lamb 0-0: Ball
1-0: Fly out, F7 (Line Drive, 7S, EV 85.6 MPH)
Batting: RHB Jose de la Rosa 0-0: Ball
1-0: Called Strike
1-1: Swinging Strike
1-2: Strikes out swinging
Batting: RHB Marty Krpan 0-0: Ground out 6-3 (Groundball, 6, EV 100.6 MPH)
Top of the 5th over - 0 runs, 0 hits, 0 errors, 0 left on base; New York 2 - Colorado 7
BOTTOM OF THE 5TH
Colorado Rockies batting - Pitching for New York Mets : LHP Steve Thornton
Batting: RHB Kosuke Sakai 0-0: Ball
1-0: DOUBLE (Flyball, 78XD, EV 111.9 MPH)
Batting: LHB Jim Davis 0-0: Called Strike
0-1: 2-RUN HOME RUN (Flyball, 9D, EV 101.3 MPH), Distance : 386 ft
Batting: LHB Glenn Sewell 0-0: Foul Ball, location: 3F
0-1: Ground out U3 (Groundball, 3, EV 81.3 MPH)
Batting: LHB Carlos Parez 0-0: Foul Ball, location: 5F
0-1: Ball
1-1: Called Strike
1-2: Strikes out swinging
Batting: SHB Brian Hatcher 0-0: Foul Ball, location: 5SF
0-1: Ball
1-1: Ball
2-1: Foul Ball, location: 2F
2-2: Ball
3-2: Fly out, F7 (Flyball, 7LM, EV 89.4 MPH)
Bottom of the 5th over - 2 runs, 2 hits, 0 errors, 0 left on base; New York 2 - Colorado 9
TOP OF THE 6TH
New York Mets batting - Pitching for Colorado Rockies : RHP Doug Craig
Batting: RHB Jeff Hestermann 0-0: Swinging Strike
0-1: Swinging Strike
0-2: Foul Ball, location: 2F
0-2: Strikes out swinging
Batting: RHB Nate Westendorf 0-0: Ball
1-0: Called Strike
1-1: Swinging Strike
1-2: Strikes out looking
Batting: RHB Chris Sims 0-0: Foul Ball, location: 2F
0-1: Called Strike
0-2: Foul Ball, location: 2F
0-2: Ball
1-2: Foul Ball, location: 2RF
1-2: Ball
2-2: Strikes out swinging
Top of the 6th over - 0 runs, 0 hits, 0 errors, 0 left on base; New York 2 - Colorado 9
BOTTOM OF THE 6TH
Colorado Rockies batting - Pitching for New York Mets : LHP Steve Thornton
Batting: LHB Jesus Pena 0-0: Ball
1-0: Ball
2-0: Called Strike
2-1: Foul Ball, location: 3FF
2-2: Ground out 4-3 (Groundball, 4S, EV 82.5 MPH)
Batting: LHB Mike Keatts 0-0: Ball
1-0: Called Strike
1-1: Swinging Strike
1-2: TRIPLE (Flyball, 89XD, EV 96.9 MPH)
Pitching: RHP Luke Springer
Batting: RHB Mike Woodard 0-0: Foul Ball, location: 2F
0-1: Foul Ball, location: 2F
0-2: SINGLE (Groundball, 6MD, EV 106.9 MPH)
Mike Keatts scores
Batting: LHB Matt Beck 0-0: Foul Ball, location: 3F
0-1: Foul Ball, location: 5F
0-2: Ball
1-2: Foul Ball, location: 2F
1-2: Ball
2-2: Grounds into double play, 4-6-3 (Groundball, 4, EV 85.6 MPH)
Bottom of the 6th over - 1 run, 2 hits, 0 errors, 0 left on base; New York 2 - Colorado 10
TOP OF THE 7TH
New York Mets batting - Pitching for Colorado Rockies : RHP Doug Craig
Batting: LHB David Thomas 0-0: Ball
1-0: Ball
2-0: Called Strike
2-1: Ball
3-1: Called Strike
3-2: Foul Ball, location: 2F
3-2: Base on Balls
Batting: RHB Nate Morrison 0-0: Ball
1-0: Swinging Strike
1-1: Fly out, F7 (Flyball, 7LM, EV 76.9 MPH)
Batting: LHB Omar Gomez 0-0: Swinging Strike
0-1: Swinging Strike
0-2: Ball
1-2: Ball
2-2: Strikes out swinging
Batting: RHB Mark Lamb 0-0: Called Strike
David Thomas steals 2nd base (no throw)
0-1: Ball
1-1: Ball
2-1: Swinging Strike
2-2: Ball
3-2: Foul Ball, location: 23F
3-2: Strikes out swinging
Top of the 7th over - 0 runs, 0 hits, 0 errors, 1 left on base; New York 2 - Colorado 10
BOTTOM OF THE 7TH
Colorado Rockies batting - Pitching for New York Mets : RHP Luke Springer
Batting: RHB Kosuke Sakai 0-0: Ground out 4-3 (Groundball, 4, EV 78.1 MPH)
Batting: LHB Jim Davis 0-0: Foul Ball, location: 5F
0-1: Ball
1-1: DOUBLE (Flyball, 8LXD, EV 101.9 MPH)
Batting: LHB Glenn Sewell 0-0: 2-RUN HOME RUN (Flyball, 9LD, EV 94.4 MPH), Distance : 371 ft
Batting: LHB Carlos Parez 0-0: Fly out, F9 (Line Drive, 9LS, EV 89.4 MPH)
Batting: SHB Brian Hatcher 0-0: Called Strike
0-1: Foul Ball, location: 3FF
0-2: Ball
1-2: Ball
2-2: Fly out, F7 (Line Drive, 78S, EV 77.5 MPH)
Bottom of the 7th over - 2 runs, 2 hits, 0 errors, 0 left on base; New York 2 - Colorado 12
TOP OF THE 8TH
New York Mets batting - Pitching for Colorado Rockies : RHP Doug Craig
Pitching: RHP Danny Hoyt
Batting: RHB Jose de la Rosa 0-0: Ball
1-0: Ball
2-0: Ball
3-0: Called Strike
3-1: Fly out, F7 (Flyball, 78S, EV 85.0 MPH)
Batting: RHB Marty Krpan 0-0: Swinging Strike
0-1: Ground out 6-3 (Groundball, 6, EV 99.4 MPH)
Batting: RHB Jeff Hestermann 0-0: Foul Ball, location: 25F
0-1: SINGLE (Groundball, 5D, EV 103.8 MPH)
Batting: RHB Nate Westendorf 0-0: Ball
Wild Pitch!
Jeff Hestermann to second
1-0: Called Strike
1-1: Called Strike
1-2: Strikes out swinging
Top of the 8th over - 0 runs, 1 hit, 0 errors, 1 left on base; New York 2 - Colorado 12
BOTTOM OF THE 8TH
Colorado Rockies batting - Pitching for New York Mets : RHP Luke Springer
Batting: LHB Jesus Pena 0-0: Foul Ball, location: 7LDF
0-1: SINGLE (Groundball, 6S, EV 66.9 MPH) (infield hit)
Pitching: RHP Frank Hennessy
Batting: LHB Mike Keatts 0-0: Called Strike
0-1: Fielders Choice at 2nd, 3-6 (Groundball, 34, EV 86.9 MPH)
Batting: RHB Mike Woodard 0-0: Swinging Strike
0-1: 2-RUN HOME RUN (Flyball, 7D, EV 98.8 MPH), Distance : 375 ft
Batting: LHB Matt Beck 0-0: Fly out, F9 (Flyball, 89D, EV 91.9 MPH)
Batting: RHB Kosuke Sakai 0-0: Foul Ball, location: 3DF
0-1: Ball
1-1: Foul Ball, location: 9LMF
1-2: DOUBLE (Flyball, 8RXD, EV 100.0 MPH)
Batting: LHB Jim Davis 0-0: Called Strike
0-1: Ground out 6-3 (Groundball, 6S, EV 68.1 MPH)
Bottom of the 8th over - 2 runs, 3 hits, 0 errors, 1 left on base; New York 2 - Colorado 14
TOP OF THE 9TH
New York Mets batting - Pitching for Colorado Rockies : RHP Danny Hoyt
Pinch Hitting: SHB Curt Tolley 0-0: Called Strike
0-1: SOLO HOME RUN (Flyball, 7D, EV 97.5 MPH), Distance : 380 ft
Batting: LHB David Thomas 0-0: Ball
1-0: Ball
2-0: Called Strike
2-1: Ball
3-1: DOUBLE (Flyball, 8LXD, EV 102.5 MPH)
Batting: RHB Nate Morrison 0-0: Ball
1-0: SINGLE (Groundball, 4, EV 106.3 MPH)
David Thomas to third
Batting: LHB Omar Gomez 0-0: Foul Ball, location: 2F
0-1: Swinging Strike
0-2: Ball
1-2: Ball
2-2: Strikes out swinging
Batting: RHB Mark Lamb 0-0: Grounds into double play, 5-4-3 (Groundball, 56, EV 90.0 MPH)
Top of the 9th over - 1 run, 3 hits, 0 errors, 1 left on base; New York 3 - Colorado 14
Thursday, April 4th , 2024 - OOTP Baseball 24.11 Build 85